 Dungeon Crawl Stone Soup version 0.27-a0-1325-g58a489ad9e (webtiles) character file.

Game seed: 9073189887454833118

53 kae the Chopper (level 3, -1/29 (34) HPs)
             Began as a Hill Orc Fighter on June 24, 2021.
             Slain by Ijyb (2 damage)
             ... on level 2 of the Dungeon.
             The game lasted 00:01:02 (1539 turns).

kae the Chopper (Hill Orc Fighter)                  Turns: 1539, Time: 00:01:03

HP:   -1/29 (34)    AC:  6    Str: 19    XL:     3   Next: 89%
MP:   3/3           EV:  7    Int:  8    God:
Gold: 46            SH:  9    Dex: 10    Spells: 2/2 levels left

rFire    . . .     SeeInvis .   a - +0 war axe
rCold    . . .     Faith    .   c - +0 kite shield
rNeg     . . .     Spirit   .   b - +0 scale mail
rPois    .         Reflect  .   (no helmet)
rElec    .         Harm     .   (no cloak)
rCorr    .         Rampage  .   (no gloves)
Will     .....                  (no boots)
Stlth    ..........             (no amulet)
HPRegen  0.09/turn              (no ring)
MPRegen  0.08/turn              (no ring)

@: heavily drained
A: no striking features
a: no special abilities


You were on level 2 of the Dungeon.
You visited 1 branch of the dungeon, and saw 2 of its levels.

You collected 46 gold pieces.

Inventory:

Hand Weapons
 a - a +0 war axe (weapon)
Armour
 b - a +0 scale mail (worn)
 c - a +0 kite shield (worn)
Scrolls
 g - 3 scrolls of identify
 h - a scroll of fog {unknown}
Potions
 d - a potion of might
 e - 2 potions of brilliance


   Skills:
 + Level 4.3 Fighting
 * Level 4.7 Axes
 - Level 3.2 Armour
 - Level 3.2 Shields


You had 2 spell levels left.
You didn't know any spells.
Your spell library contained the following spells:

 Spells                   Type           Power      Damage    Failure   Level
 Magic Dart               Conj           0%         1d3       99%         1
 Blink                    Tloc           N/A        N/A       100%        2
 Call Imp                 Summ           0%         N/A       100%        2
 Slow                     Hex            0%         N/A       100%        2
 Conjure Flame            Conj/Fire      0%         6-21      100%        3
 Mephitic Cloud           Conj/Pois/Air  0%         N/A       100%        3


Dungeon Overview and Level Annotations

Branches:
Dungeon (2/15)

Altars:

Annotations:
D:2 Ijyb


Message History

You are too injured to fight recklessly!
You are too injured to fight recklessly!
You are too injured to fight recklessly!
You are too injured to fight recklessly!
You slash the goblin!
You kill the goblin!
You hit the goblin.
You kill the goblin!
You slash the goblin!
You kill the goblin!
You hit Ijyb.
Ijyb hits you with a +5 dagger of draining!
You feel drained.
* * * LOW HITPOINT WARNING * * *
You block Ijyb's attack.
Items here: $ )) ? ††.
You slash Ijyb!
Ijyb is almost dead.
You block Ijyb's attack.
Ijyb hits you with a +5 dagger of draining.
* * * LOW HITPOINT WARNING * * *
You feel drained.
You miss Ijyb.
Ijyb is almost dead.
Ijyb hits you with a +5 dagger of draining.
* * * LOW HITPOINT WARNING * * *
You feel drained.
You barely miss Ijyb.
Ijyb is almost dead.
You block Ijyb's attack.
Ijyb hits you with a +5 dagger of draining.
* * * LOW HITPOINT WARNING * * *
You feel drained.
* * * LOW HITPOINT WARNING * * *
You barely miss Ijyb.
Ijyb is almost dead.
Ijyb barely misses you.
It was a potion of cancellation.
You feel magically purged.
Ijyb hits you with a +5 dagger of draining.
You die...

#.# #.# #.##...# #.# #.#
#.############ #.# #.# #.#
#.......#### #.# #.# #.#
#8.....8#..# #.# #.# #.#
#.......##.#
##.####.###.####8.....8##.#
...##..........#.......##.#
#####.#.###....#8.....8##.#
#.#.# ####.#@g)....##.#
#####.#.# #.##8.)...8##.#
......#.# #.#...))....##.#
#######.# #.###........##.#
..##.# ....########.# .####
#.#.## #.# #...## #.# ##.#
#.# #. #.#


You could see Ijyb.

Vanquished Creatures
  An adder (D:2)
  A ball python (D:1)
  2 bats
  4 endoplasms
  3 giant cockroaches
  12 goblins
  7 hobgoblins
  A quokka (D:1)
  A kobold (D:1)
  4 rats
36 creatures vanquished.

Notes
Turn   | Place    | Note
-------+----------+-------------------------------------------
     0 | D:1      | kae the Hill Orc Fighter began the quest for the Orb.
     0 | D:1      | Reached XP level 1. HP: 19/19 MP: 1/1
   235 | D:1      | Reached XP level 2. HP: 27/27 MP: 2/2
   729 | D:1      | Reached XP level 3. HP: 33/33 MP: 3/3
  1161 | D:2      | Found a faded altar of an unknown god.
  1525 | D:2      | Noticed Ijyb
  1537 | D:2      | HP: 1/29 [Ijyb (1)]
  1539 | D:2      | Slain by Ijyb

Illustrated notes

Levels and vault maps discovered:
D:1:      minmay_arrival_hallway, layout_basic
D:2:      kennysheep_the_goblin_king, layout_loops_ring, basic_ecumenical_altar,
          minmay_ruptured

Skill      XL: |  1  2 |
---------------+-------+-----
Axes           | 3 4 |  4.7
Fighting       | 4 |  4.3
Armour         | |  3.2
Shields        | |  3.2

Action                   || total
-------------------------++-------
Melee: War axe           ||    84
  Use: Scroll            ||     2
       Potion            ||     1
Armor: Scale mail        ||    38
Dodge: Dodged            ||    19
Block: Kite shield       ||    50

Table legend: (Time is in decaauts)
 A = Elapsed time spent in this place.
 B = Non-inter-level travel time spent in this place.
 C = Inter-level travel time spent in this place.
 D = Time resting spent in this place.
 E = Time spent auto-exploring this place.
 F = Levels seen in this place.
 G = Mean time per level.
                   A        B        C        D        E       F      G
               +--------+--------+--------+--------+--------+-----+--------+
         Total |   1584 |   1532 |     52 |      0 |   1316 |   2 |  792.0 |
       Dungeon |   1584 |   1532 |     52 |      0 |   1316 |   2 |  792.0 |
               +--------+--------+--------+--------+--------+-----+--------+

Top non-repeatable levels by time:
     D:1: 1051 daAuts
     D:2: 533 daAuts
